 Dungeon Crawl Stone Soup version 0.24.0-13-gcf9b3192b9 (webtiles) character file.

Game seed: 3583454799331692376, levelgen mode: deterministic

137 Aviak the Charmwright (level 5, 0/67 HPs)
             Began as a Draconian Skald on Nov 9, 2019.
             Slain by a scorpion (6 damage)
             ... on level 3 of the Dungeon.
             The game lasted 00:03:44 (2169 turns).

Aviak the Charmwright (Draconian Skald)             Turns: 2169, Time: 00:03:45

Health: 0/67       AC: 22    Str: 14    XL:     5   Next: 0%
Magic:  9/9        EV:  2    Int: 18    God:
Gold:   162        SH:  0    Dex: 11    Spells: 1/9 levels left

rFire    . . .     SeeInvis .   o - +0 trident
rCold    . . .     Gourm    .   (no shield)
rNeg     + + +     Faith    +   (armour unavailable)
rPois    +         Spirit   .   (helmet currently unavailable)
rElec    .         Reflect  .   (cloak currently unavailable)
rCorr    .         Harm     .   (gloves currently unavailable)
MR       .....     NoTele   +   (boots currently unavailable)
Stlth    +.........             g - amulet of faith {!P}
HPRegen  0.21/turn              (no ring)
MPRegen  0.11/turn              (no ring)

@: brilliant, tree-form, infused (expiring)
A: unfitting armour, AC +5
a: no special abilities


You were on level 3 of the Dungeon.
You were not hungry.
You were a tree.
You visited 1 branch of the dungeon, and saw 3 of its levels.

You collected 162 gold pieces.

Inventory:

Hand Weapons
 a - a +0 spear
 o - a +0 trident (weapon)
Armour
 k - a +0 pair of boots (melded)
Jewellery
 g - an amulet of faith (around neck) {!P}
Scrolls
 b - a scroll of teleportation {unknown}
 d - 2 scrolls of amnesia {unknown}
 f - 2 scrolls of noise {unknown}
 h - 3 scrolls of remove curse {unknown}
 i - 4 scrolls of identify {unknown}
 j - a scroll of blinking {unknown}
 m - 2 scrolls of enchant armour {unknown}
Comestibles
 e - 8 rations


   Skills:
 + Level 3.1 Fighting
 + Level 2.9 Polearms
 + Level 2.8 Dodging
 + Level 2.7 Spellcasting
 + Level 3.3 Charms


You had one spell level left.
You knew the following spells:

 Your Spells              Type           Power        Failure   Level  Hunger
a - Infusion              Chrm           ####         1%          1    None
b - Song of Slaying       Chrm           ####....     1%          2    ##.....
c - Shroud of Golubria    Chrm/Tloc      ###...       1%          2    ##.....
d - Spectral Weapon       Hex/Chrm       ###.....     3%          3    ###....

Your spell library contained the following spells:

 Spells                   Type           Power        Failure   Level  Hunger
 Regeneration             Chrm/Necr      ###.......   3%          3    ###....


Dungeon Overview and Level Annotations

Branches:
Dungeon (3/15)

Altars:
Cheibriados
Dithmenos
Fedhas
Makhleb
Okawaru
Xom


Innate Abilities, Weirdness & Mutations

((Your plain brown scales are hard. (AC +5)))
You cannot fit into any form of body armour.
((You are cold-blooded and may be slowed by cold attacks.))


Message History

It was a potion of flight.
You feel very buoyant.
You fly up into the air.
The scorpion stings you but does no damage.
You closely miss the scorpion.
The scorpion is heavily wounded.
The scorpion barely misses you.
You barely miss the scorpion.
The scorpion is heavily wounded.
The scorpion completely misses you. The scorpion stings you.
* * * LOW HITPOINT WARNING * * *
It was a potion of brilliance.
You feel clever all of a sudden. The scorpion stings you!
* * * LOW HITPOINT WARNING * * *
Unknown command.
It was a potion of lignification.
You turn into a tree.
Your +0 pair of boots melds into your body.
Your roots penetrate the ground.
The scorpion stings you.
You die...

(....# #.#
#..>#########.#
#.............#
##.############
#.# #.# #.#
########## #.#
#........# #.#
#.######♣# #.# #.#
#s# #.######.####
#.# ##...........#
#.# ......###.##.#
#.#
#.....###.##.###.#
.....###.........#
#...## #.........#
##.## #.###.##.##


You could see a scorpion.

Vanquished Creatures
  A worker ant zombie (D:3)
  6 adders
  A worm (D:2)
  A leopard gecko (D:2)
  An orc (D:3)
  2 ball pythons (D:2)
  5 bats
  6 giant cockroaches
  6 goblins
  6 hobgoblins
  4 jackals (D:2)
  2 quokkas
  7 frilled lizards
  8 kobolds
  9 rats
65 creatures vanquished.

Notes
Turn   | Place    | Note
-------+----------+-------------------------------------------
     0 | D:1      | Aviak the Draconian Skald began the quest for the Orb.
     0 | D:1      | Reached XP level 1. HP: 17/17 MP: 3/3
   154 | D:1      | Reached XP level 2. HP: 23/25 MP: 5/5
   480 | D:1      | Found an iron altar of Okawaru.
   678 | D:2      | Found a shadowy altar of Dithmenos.
   697 | D:2      | Reached XP level 3. HP: 21/30 MP: 0/6
   701 | D:2      | Learned a level 2 spell: Song of Slaying
   704 | D:2      | Learned a level 2 spell: Shroud of Golubria
   941 | D:2      | Found a burning altar of Makhleb.
  1110 | D:2      | Reached XP level 4. HP: 26/37 MP: 7/7
  1197 | D:2      | Found a snail-covered altar of Cheibriados.
  1535 | D:3      | Found a shimmering altar of Xom.
  1898 | D:3      | Learned a level 3 spell: Spectral Weapon
  2115 | D:3      | Found a blossoming altar of Fedhas.
  2117 | D:3      | Reached XP level 5. HP: 45/45 MP: 9/9
  2169 | D:3      | Slain by a scorpion

Levels and vault maps discovered:
D:1:      minmay_arrival_cross, layout_loops_ring, serial_glass,
          glass_columns_a, glass_columns_a, glass_columns_a, glass_columns_a,
          glass_columns_c, glass_columns_a, minmay_strange_pillars,
          feat_on_display, minmay_strange_pillars, item_on_display_a,
          minmay_fountain_box, okawaru_ov_weapons_minmay
D:2:      layout_loops_ring, cheibriados_altar_1, lightli_temple_of_fire,
          grunt_dithmenos_smoke, first_ration
D:3:      layout_loops_corners, xom_teletrap_fun, fedhas_altar_1

Skill      XL: |  1  2  3  4 |
---------------+-------------+-----
Charms         | 3 |  3.3
Fighting       | 3 |  3.1
Polearms       | |  2.9
Dodging        | |  2.8
Spellcasting   | |  2.7

Action                   |  1- 3 |  4- 6 || total
-------------------------+-------+-------++-------
Melee: Spear             |   165 |    58 ||   223
       Tailslap          |     6 |     5 ||    11
       Trident           |       |    57 ||    57
 Cast: Infusion          |     3 |     3 ||     6
       Song of Slaying   |     1 |     1 ||     2
  Use: Potion            |     1 |     4 ||     5
 Stab: Sleeping          |     1 |     2 ||     3
  Eat: Chunk             |     1 |       ||     1
       Ration            |       |     1 ||     1
Armor: Skin              |    44 |    27 ||    71
Dodge: Dodged            |    83 |    68 ||   151
